 Dungeon Crawl Stone Soup version 0.31.0-2-g5a2aebc5c2 (webtiles) character file.

Game seed: 7338161104788573408

32 Sweeb the Grave Robber (level 3, 0/26 HPs)
             Began as a Demonspawn Necromancer on Jan 20, 2024.
             Slain by a ribbon worm (5 damage)
             ... on level 2 of the Dungeon.
             The game lasted 00:03:40 (1559 turns).

Sweeb the Grave Robber (Demonspawn Necromancer)     Turns: 1559, Time: 00:03:40

Health: 0/26       AC:  2    Str:  8    XL:     3   Next: 10%
Magic:  0/6        EV: 12    Int: 17    God:
Gold:   73         SH:  0    Dex: 13    Spells: 6/7 levels left

rFire   . . .        m - +0 rapier
rCold   . . .        (no shield)
rNeg    . . .        a - +0 robe
rPois   .            (no helmet)
rElec   .            (no cloak)
rCorr   .            (no gloves)
SInv    .            (no boots)
Will    .....        (no amulet)
Stlth   ++           (no ring)
HPRegen 0.24/turn    (no ring)
MPRegen 0.10/turn

%: no passive effects
@: no status effects
A: powered by death 2
a: no special abilities


You were on level 2 of the Dungeon.
You visited 1 branch of the dungeon, and saw 2 of its levels.

You collected 73 gold pieces.

Inventory:

Hand Weapons
 m - a +0 rapier (weapon)
Missiles
 b - a throwing net
Armour
 a - a +0 robe (worn)
Magical Staves
 n - a staff of fire
Jewellery
 f - a ring of fire
 g - a ring of resist corrosion
 j - a +4 ring of protection
Scrolls
 h - 2 scrolls of teleportation {unknown}
 i - a scroll of enchant weapon {unknown}
 k - a scroll of identify {unknown}
 l - a scroll of poison {unknown}
Potions
 c - a potion of enlightenment {unknown}
 d - a potion of mutation {unknown}
 e - 4 potions of curing {unknown}


   Skills:
 + Level 1.0 Fighting
 + Level 2.1 Dodging
 - Level 1.7 Stealth
 * Level 2.6 Spellcasting
 + Level 4.6 Necromancy


You had 6 spell levels left.
You knew the following spells:

 Your Spells              Type           Power      Damage    Failure   Level
a - Necrotise             Necr           72%        1d7       2%          1

Your spell library contained the following spells:

 Spells                   Type           Power      Damage    Failure   Level
 Vampiric Draining        Necr           18%        2d7       9%          3
 Animate Dead             Necr           18%        N/A       26%         4
 Curse of Agony           Necr           18%        N/A       58%         5


Dungeon Overview and Level Annotations

Branches:
Dungeon (2/15)

Altars:

Shops:
D:1 !


Innate Abilities, Weirdness & Mutations

You regenerate health from kills.


Message History

Aiming: Necrotise (safe; 2% risk of failure)
Press: ? - help, Shift-Dir - straight line, f/p - ribbon worm
Aim: a ribbon worm (moderately wounded, chance to affect: 83%)
The ribbon worm writhes in agony.
The ribbon worm bites you!
The web tears apart.
The ribbon worm expels a string of sticky webbing.
The stream of webbing hits you but does no damage.
You are caught in a web!
The web tears apart.
You hit the ribbon worm but do no damage.
The ribbon worm is moderately wounded.
The ribbon worm completely misses you.
The ribbon worm attacks as it pursues you!
The ribbon worm bites you.
The ribbon worm expels a string of sticky webbing.
The stream of webbing hits you but does no damage.
You are caught in a web!
There is a web here.
You struggle to detach yourself from the web.
The web tears apart.
Casting: Necrotise (safe; 2% risk of failure)
Confirm with . or Enter, or press ? or * to list all spells.
Aiming: Necrotise (safe; 2% risk of failure)
Press: ? - help, Shift-Dir - straight line, f/p - ribbon worm
Aim: a ribbon worm (chance to affect: 83%)
The ribbon worm writhes in agony.
The ribbon worm bites you.
You hit the ribbon worm.
The ribbon worm is heavily wounded.
The ribbon worm bites you.
You hit the ribbon worm.
The ribbon worm is heavily wounded.
The ribbon worm bites you.
* * * LOW HITPOINT WARNING * * *
You hit the ribbon worm.
The ribbon worm is heavily wounded.
The ribbon worm expels a string of sticky webbing.
The stream of webbing hits you but does no damage.
You are caught in a web!
The web tears apart.
The ribbon worm bites you.
You die...

# # # # ########## #
#........# #
#........# #
#########........###
#
#..........w@.......
.
#.#######........###
# #................#
#.#####........#.#
#..............+
#.##..####.#(#.#
#.....####.#.#.#
####.........#.#
#########....#.#


You could see a ribbon worm (catching breath).

Vanquished Creatures
  A ribbon worm (D:2)
  4 dart slugs
  3 endoplasms
  A giant cockroach (D:1)
  2 hobgoblins
  4 ball pythons
  A bat (D:1)
  A frilled lizard (D:1)
  2 kobolds
  2 rats
21 creatures vanquished.

Vanquished Creatures (collateral kills)
  A quokka (D:1)
1 creature vanquished.

Grand Total: 22 creatures vanquished

Notes
Turn   | Place    | Note
-------+----------+-------------------------------------------
     0 | D:1      | Sweeb the Demonspawn Necromancer began the quest for the
                  | Orb.
     0 | D:1      | Reached XP level 1. HP: 13/13 MP: 3/3
    82 | D:1      | You fall into a shaft and drop 1 floor!
   242 | D:1      | Found Nuleeh's Distillery.
   468 | D:1      | Gained mutation: You regenerate a little health from kills.
                  | [demonic ancestry]
   468 | D:1      | Reached XP level 2. HP: 20/20 MP: 3/5
  1421 | D:2      | Reached skill level 1 in Fighting
  1421 | D:2      | Gained mutation: You regenerate health from kills. [demonic
                  | ancestry]
  1421 | D:2      | Reached XP level 3. HP: 26/26 MP: 3/6
  1559 | D:2      | Slain by a ribbon worm

Illustrated notes

Levels and vault maps discovered:
D:1:      dpeg_arrival_castle, layout_rooms, serial_shops,
          nicolae_shop_temple_entry_statues_fountains, minmay_misc_feat_room,
          minivault_4
D:2:      layout_basic, minivault_5

Skill      XL: |  1  2 |
---------------+-------+-----
Dodging        | 2 |  2.1
Fighting       | 1 |  1.0
Stealth        | |  1.7
Spellcasting   | |  2.6
Necromancy     | |  4.6

Action                     || total
---------------------------++-------
  Melee: Unarmed           ||    12
         Rapier            ||     6
   Cast: Necrotise         ||    57
    Use: Potion            ||     1
 Armour: Robe              ||    18
  Dodge: Dodged            ||    28
